 Dungeon Crawl Stone Soup version 0.26-a0-663-g36e8fdb655 (console) character file.

Game seed: 11107382987931053396

245749 om the Thaumaturge (level 19, -25/112 HPs)
             Began as a Gargoyle Fire Elementalist on Oct 9, 2020.
             Was the Champion of Vehumet.
             Killed from afar by an ice dragon (64 damage)
             ... with a blast of cold
             ... on level 15 of the Dungeon on Oct 12, 2020.
             The game lasted 03:05:07 (72234 turns).

om the Thaumaturge (Gargoyle Fire Elementalist)    Turns: 72234, Time: 03:05:08

Health: -25/112    AC: 33    Str: 22    XL:     19   Next: 48%
Magic:  22/46      EV: 15    Int: 19    God:    Vehumet [******]
Gold:   1379       SH:  0    Dex: 14    Spells: 8/47 levels left

rFire    + + +     SeeInvis +   b - staff of fire
rCold    x . .     Faith    +   (no shield)
rNeg     + + +     Spirit   .   e - +0 chain mail {rF+}
rPois    ∞         Reflect  .   d - +0 helmet
rElec    +         Harm     .   c - +1 cloak of Darkness {rN++ Dex+4 Stlth+}
rCorr    .         Rampage  .   S - +0 pair of gloves
MR       +....                  (no boots)
Stlth    +.........             H - amulet "Idoaghih" {Faith rF+ rC- MP+9 Str+5}
HPRegen  0.28/turn              f - ring of see invisible
MPRegen  0.30/turn              j - ring of wizardry

@: flying, very slightly contaminated
A: big wings, negative energy resistance 1, electricity resistance, unbreathing,
petrification resistance, rot immunity, AC +14
}: 2/15 runes: decaying, gossamer
a: Stop Flying, Renounce Religion


You were on level 15 of the Dungeon.
You worshipped Vehumet.
Vehumet was exalted by your worship.
You visited 4 branches of the dungeon, and saw 29 of its levels.
You also visited: Sewer and Gauntlet.

You collected 2040 gold pieces.
You spent 661 gold pieces at shops.

Inventory:

Hand Weapons
 a - a +2 quarterstaff of draining
 r - a +2 scythe of flaming
 A - a +0 trident of venom
 M - a +4 vorpal quarterstaff
 R - a +1 hand axe of electrocution
Armour
 c - the +1 cloak of Darkness (worn) {rN++ Dex+4 Stlth+}
   (You found it in a Gauntlet)

   It affects your dexterity (+4).
   It greatly protects you from negative energy.
   It makes you more stealthy.
 d - a +0 helmet (worn)
 e - a +0 chain mail of fire resistance (worn)
 S - a +0 pair of gloves (worn)
Magical Staves
 b - an uncursed staff of fire (weapon)
 i - an uncursed staff of earth
Jewellery
 f - a ring of see invisible (left hand)
 j - a ring of wizardry (right hand)
 w - an uncursed ring of protection from cold
 B - an uncursed ring of magical power
 E - an uncursed amulet of regeneration
 G - a +6 ring of intelligence
 H - the amulet "Idoaghih" (around neck) {Faith rF+ rC- MP+9 Str+5}
   (You found it in a Gauntlet)

   [amulet of faith]

   It allows you to gain divine favour quickly.
   It affects your strength (+5).
   It protects you from fire.
   It makes you vulnerable to cold.
   It affects your magic capacity (+9).
 O - an uncursed ring of resist corrosion
 U - an uncursed ring of protection from cold
Wands
 n - a wand of iceblast (19)
 q - a wand of flame (78)
 C - a wand of digging (12)
 D - a wand of enslavement (3)
 K - a wand of acid (7)
 Q - a wand of polymorph (18)
 V - a wand of random effects (62)
 Z - a wand of paralysis (22)
Scrolls
 g - 11 scrolls of identify
 h - 8 scrolls of enchant armour
 k - 4 scrolls of teleportation
 o - 5 scrolls of magic mapping
 u - 3 scrolls of fear
 v - 19 scrolls of remove curse
 J - 2 scrolls of enchant weapon
 N - 8 scrolls of vulnerability
 P - a scroll of silence
 W - 3 scrolls of fog
 Y - a scroll of holy word
Potions
 l - 5 potions of cancellation
 m - 3 potions of lignification
 p - 5 potions of haste
 s - 2 potions of ambrosia
 t - 7 potions of resistance
 x - 5 potions of invisibility
 y - 2 potions of curing
 z - a potion of might
 F - 5 potions of brilliance
 I - 4 potions of stabbing
 L - 3 potions of magic
 T - a potion of heal wounds
 X - 3 potions of berserk rage


   Skills:
 - Level 10.0 Fighting
 - Level 3.3(6.5) Polearms
 - Level 9.6(10.0) Staves
   Level 1.9 Bows
 - Level 14.0 Armour
 * Level 12.1 Dodging
 - Level 6.0 Stealth
 * Level 14.7 Spellcasting
 - Level 9.0 Conjurations
 - Level 6.0 Summonings
 - Level 0.4 Translocations
 - Level 10.0 Fire Magic
 - Level 12.0 Earth Magic
 - Level 10.0 Evocations


You had 8 spell levels left.
You knew the following spells:

 Your Spells              Type           Power        Failure   Level
a - Foxfire               Conj/Fire      ####         1%          1
b - Fire Storm            Conj/Fire      ######....   100%        9
c - Fireball              Conj/Fire      ######....   1%          5
d - Blink                 Tloc           N/A          12%         2
e - Sticky Flame          Conj/Fire      ######..     1%          4
f - Call Imp              Summ           #####...     1%          2
g - Lee's Rapid Deconstr  Erth           ######....   1%          5
h - Starburst             Conj/Fire      ######....   8%          6
i - Bolt of Magma         Conj/Fire/Erth ######....   1%          5

Your spell library contained the following spells:

 Spells                   Type           Power        Failure   Level
 Absolute Zero            Ice            ##........   100%        9
 Tornado                  Air            ##........   100%        9
 Magic Dart               Conj           ####         1%          1
 Shock                    Conj/Air       ####         1%          1
 Summon Small Mammal      Summ           ####         1%          1
 Searing Ray              Conj           #####.       1%          2
 Conjure Flame            Conj/Fire      ######..     1%          3
 Dazzling Flash           Conj/Hex       ####..       1%          3
 Inner Flame              Hex/Fire       #####...     1%          3
 Static Discharge         Conj/Air       ####....     1%          3
 Iskenderun's Battlesphe  Conj           #####...     1%          5
 Ignite Poison            Fire/Tmut/Pois #####...     2%          3
 Mephitic Cloud           Conj/Pois/Air  ####....     2%          3
 Fulminant Prism          Conj/Hex       ####......   4%          4
 Iskenderun's Mystic Bla  Conj/Tloc      ####....     4%          4
 Iron Shot                Conj/Erth      ######....   5%          6
 Apportation              Tloc           ###...       8%          1
 Petrify                  Tmut/Erth      #####...     8%          4
 Animate Skeleton         Necr           ##....       9%          1
 Beastly Appendage        Tmut           ##....       9%          1
 Corona                   Hex            ##.....      9%          1
 Sting                    Tmut/Pois      ##..         9%          1
 Irradiate                Conj/Tmut      ####......   11%         5
 Lightning Bolt           Conj/Air       ####......   11%         5
 Poisonous Vapours        Pois/Air       ##....       14%         2
 Slow                     Hex            ##......     14%         2
 Swiftness                Air            ##......     14%         2
 Wereblood                Tmut           ##......     14%         2
 Gell's Gravitas          Tloc           ###.......   22%         3
 Lesser Beckoning         Tloc           ###.......   22%         3
 Airstrike                Air            ##........   22%         4
 Olgreb's Toxic Radiance  Pois           ##......     22%         4
 Confusing Touch          Hex            ##......     26%         3
 Spider Form              Tmut/Pois      ##........   26%         3
 Tukima's Dance           Hex            ##......     26%         3
 Orb of Destruction       Conj           #####.....   41%         7
 Yara's Violent Unravell  Hex/Tmut       ##........   47%         5
 Spellforged Servitor     Conj/Summ      #####.....   58%         7
 Ice Form                 Ice/Tmut       ##......     63%         4
 Freezing Cloud           Conj/Ice/Air   ####......   63%         6
 Alistair's Intoxication  Tmut/Pois      ##.......    91%         5
 Blade Hands              Tmut           ##........   91%         5
 Metabolic Englaciation   Hex/Ice        ##........   91%         5
 Eringya's Noxious Bog    Tmut/Pois      ##........   100%        6
 Invisibility             Hex            ##......     100%        6
 Sublimation of Blood     Necr           Unusable     N/A         2

Dungeon Overview and Level Annotations

Branches:
Dungeon (15/15)            Temple (0/1) D:6            Lair (6/6) D:10
  Swamp (4/4) Lair:3       Spider (4/4) Lair:2        Slime (0/5) Lair:6
    Orc (0/2) D:12         Vaults (0/5) D:13         Depths (0/5) D:15
  Sewer (visited)         Gauntlet (visited)

Altars:
Ashenzari
Cheibriados
Dithmenos
Fedhas
Hepliaklqana
Okawaru
Qazlal
Sif Muna
Vehumet
Wu Jian
Xom
Beogh

Shops:
D:4 [(??   D:6 [

Portals:
Abyss: D:14

Annotations:
D:7 Maggie
D:14 2 transporters, YayAnonymity's ghost, journeyman GrFi
Spider:4 3 runed translucent doors, Cumifues's ghost, journeyman MiMo; Oxemneri's ghost, adept OgTm; wqewqe's ghost, journeyman DDFi


Innate Abilities, Weirdness & Mutations

You are resistant to torment.
Your stone body is resilient. (AC +14)
You are immune to poison.
Your large and strong wings let you fly indefinitely.
You resist negative energy. (rN+)
You are resistant to electric shocks. (rElec)
You can survive without breathing.
You are immune to petrification.
You are immune to rotting.


Message History

Aim: a hornet (heavily wounded, covered in liquid flames)
You feel a surge of power!
The sticky flame hits the hornet.
The hornet is heavily wounded.
The hornet is covered in liquid flames!
The ice dragon burns!
The ice dragon stops burning.
The hornet burns!
The hornet stings you but does no damage.
The hornet misses you.
Casting: Sticky Flame (mildly dangerous; 1% risk of failure)
Confirm with . or Enter, or press ? or * to list all spells.
Aiming: Sticky Flame (mildly dangerous; 1% risk of failure)
Press: ? - help, Shift-Dir - straight line, f/p - hornet
Aim: a hornet (heavily wounded, covered in liquid flames)
You feel a surge of power!
The sticky flame hits the hornet!
The hornet is almost dead.
The hornet is covered in liquid flames!
The hornet burns!
You kill the hornet!
Vehumet accepts your kill. The ice dragon breathes frost at you.
The blast of cold hits you!!!
You feel a terrible chill!
Ouch! That really hurt!
You die...

#.##..# #..##(#'#..##.##..†
..))..# #.#.#..#..#.#..#.#.
#.#.#.# #.##..#(#.##..##...
##+#'## ##..(.).#(.....##..#
#.#.#.########'########.#.#.##...
#..)..(#......##).....##'#'###.#.
.(###.#'#..##.#(....†##.#.#.##...
#...#..#..#.#.#...##.+#.....##..#
..#.#.#+#(##..#..#.#(#...##.##...
#......#......#..##.#'#.#.#..#.#.
##.#.####.#.#.#.@..###..##..##...
#+#+## ##+#+##.#'#'###.....##..#
≈≈≈≈≈ ####D#.####.####... 8....
#......# #####.... ....⌠P
+#..##.# ...... ..P..P #..#.#..#
..###.## .....P +#.##..## #......
≈≈≈≈≈≈ ... ..##.#..####) #####
#### ###.#.##....
#######################..#.#..#..
...........)...............#.#.#.


You could see an ice dragon (catching breath).

Vanquished Creatures
  the Lernaean hydra (Swamp:4)
  Nikola (Swamp:2)
  Arachne (Spider:3)
  A tentacled monstrosity (Swamp:4)
  Jorgrun (Swamp:2)
  Donald (Swamp:2)
  Frances (Spider:1)
  Kirke (D:14)
  2 thorn hunters (Swamp:3)
  A tengu reaver (D:15)
  Louise (Spider:4)
  7 emperor scorpions
  6 ghost moths
  A stone giant (D:15)
  2 entropy weavers
  A very ugly thing (Swamp:4)
  4 spark wasps
  A minotaur (Gauntlet)
  2 green deaths (Swamp:4)
  A death ooze (Swamp:4)
  Josephine (Lair:5)
  A yaktaur captain (D:15)
  Harold (D:8)
  19 hydras
  5 ghost crabs
  3 catoblepae
  A hell beast (Swamp:4)
  5 boulder beetles
  A shambling mangrove (Swamp:2)
  7 two-headed ogres
  5 death yaks (Lair:6)
  14 alligators
  5 centaur warriors
  A deep troll shaman (Lair:6)
  2 ogre magi (D:15)
  3 tengu warriors
  A thrashing horror (Swamp:4)
  A deep elf knight (D:13)
  Sonja (Lair:5)
  2 sixfirhies (Gauntlet)
  2 skeletal warriors
  2 unseen horrors (D:15)
  2 spriggan druids
  A wizard (D:14)
  12 swamp dragons
  The ghost of GoodGuyCap the Cleaver, a novice HOMo of Beogh (D:6)
  2 orc knights
  A lindwurm (Lair:5)
  12 orb spiders
  7 deep elf magi
  6 cyclopes
  5 oklob plants (Lair:6)
  16 ugly things
  21 wolf spiders
  5 manticores
  8 elephants
  A moth of wrath (Spider:2)
  A black mamba (shapeshifter) (D:15)
  3 torpor snails
  A gargoyle (D:11)
  2 black mambas
  3 centaur zombies (D:15)
  6 centaur skeletons
  3 rime drakes
  An orange demon (Swamp:4)
  20 cane toads
  2 efreet (D:15)
  A kobold demonologist (D:13)
  7 komodo dragons
  A tengu conjurer (D:14)
  15 demonic crawlers
  3 wolf spider simulacra
  3 trolls
  29 jumping spiders
  3 polar bears
  24 hornets
  7 tyrant leeches
  19 blink frogs
  16 bog bodies
  Grinder (D:3)
  44 slime creatures
  29 dream sheep
  Sigmund (D:3)
  A meliai zombie (D:15)
  76 redbacks
  5 shadows
  6 wyverns
  10 spriggans
  26 tarantellas
  2 centaur simulacra
  66 yaks
  2 vampires (D:11)
  2 hogs (D:14)
  9 wraiths
  11 basilisks
  2 steam dragons
  25 vampire mosquitoes
  18 swamp worms
  A small abomination (Swamp:3)
  Menkaure (D:5)
  13 insubstantial wisps
  2 large abominations (Swamp:4)
  Edmund (D:4)
  An acid dragon (D:15)
  A hydra simulacrum (Gauntlet)
  A soldier ant (D:14)
  11 water moccasins
  4 ice beasts
  21 orc warriors
  7 swamp drakes
  A phantom (D:9)
  An eye of draining (D:10)
  7 black bears
  4 sky beasts
  A necrophage (D:7)
  13 ogres
  28 wolves
  6 centaurs
  2 big kobolds (D:13)
  17 bullfrogs
  A wyvern skeleton (D:13)
  7 scorpions
  5 killer bees (D:13)
  10 wights
  4 electric eels
  5 howler monkeys
  A bullfrog zombie (D:8)
  2 quasits
  10 orc priests
  5 hounds
  15 jellies
  A jelly (shapeshifter) (D:15)
  9 orc wizards
  Crazy Yiuf (D:6)
  4 bullfrog skeletons
  4 iguanas
  Jessica (D:2)
  Terence (D:3)
  6 hell rats (Lair:2)
  7 worker ants
  A killer bee zombie (D:7)
  2 hound zombies (D:9)
  2 worker ant zombies
  A howler monkey skeleton (D:5)
  4 gnolls (D:10)
  5 river rats
  21 adders
  A shadow imp (D:6)
  3 white imps
  7 ufetubi
  4 oozes
  An adder zombie (D:5)
  2 adder skeletons
  3 dart slugs
  9 leopard geckos
  55 orcs
  3 giant cockroaches
  6 hobgoblins
  2 jackals (D:1)
  4 quokkas
  5 ball pythons
  A bat (D:2)
  8 frilled lizards
  5 goblins
  26 kobolds
  2 quokka skeletons
  A quokka zombie (D:8)
  27 rats
1180 creatures vanquished.

Vanquished Creatures (collateral kills)
  Erica (Lair:1)
  An insubstantial wisp (Swamp:1)
  An orc priest (D:11)
  2 orcs (D:11)
  41 foxfires
46 creatures vanquished.

Vanquished Creatures (others)
  A cane toad (Swamp:2)
  A tyrant leech (Swamp:2)
  A human (D:14)
  2 vampire mosquitoes (Swamp:1)
  An insubstantial wisp (Swamp:1)
  2 swamp worms
  A kobold (D:13)
  2 bushes
  A demonic plant (Gauntlet)
  3339 foxfires
  57 fungi
  91 plants
  2 withered plants (Spider:4)
3501 creatures vanquished.

Grand Total: 4727 creatures vanquished

Notes
Turn   | Place    | Note
-------+----------+-------------------------------------------
     0 | D:1      | om the Gargoyle Fire Elementalist began the quest for the
                  | Orb.
     0 | D:1      | Reached XP level 1. HP: 10/10 MP: 3/3
   371 | D:1      | Reached XP level 2. HP: 15/15 MP: 1/5
  1191 | D:1      | Reached XP level 3. HP: 19/19 MP: 3/6
  2019 | D:2      | Noticed Jessica
  2038 | D:2      | Killed Jessica
  2038 | D:2      | Reached XP level 4. HP: 17/24 MP: 3/7
  2168 | D:2      | Found a shimmering blue altar of Sif Muna.
  2886 | D:3      | Found a stormy altar of Qazlal.
  2900 | D:3      | Found an iron altar of Okawaru.
  2900 | D:3      | Found a broken altar of Ashenzari.
  2901 | D:3      | Found a shadowy altar of Dithmenos.
  3016 | D:3      | Reached skill level 5 in Fire Magic
  3016 | D:3      | Reached XP level 5. HP: 24/28 MP: 0/8
  3099 | D:3      | Noticed Sigmund
  3125 | D:3      | Killed Sigmund
  3125 | D:3      | Reached XP level 6. HP: 11/32 MP: 1/9
  3454 | D:3      | Noticed Grinder
  3684 | D:3      | Noticed Terence
  3697 | D:3      | Killed Terence
  3998 | D:3      | Learned a level 3 spell: Inner Flame
  4004 | D:3      | Learned a level 5 spell: Fireball
  4362 | D:3      | Paralysed by Grinder for 3 turns
  4369 | D:3      | Killed Grinder
  4369 | D:3      | Reached XP level 7. HP: 34/36 MP: 1/10
  4681 | D:4      | Reached skill level 1 in Fighting
  4681 | D:4      | Reached skill level 1 in Polearms
  4947 | D:4      | Noticed Edmund
  4961 | D:4      | Killed Edmund
  4961 | D:4      | Reached XP level 8. HP: 44/45 MP: 0/11
  5067 | D:4      | Found Istroul's Armour Shop.
  5176 | D:4      | Reached skill level 5 in Dodging
  5323 | D:4      | Found Ytaosk's Antique Weapon Boutique.
  5328 | D:4      | Bought a glowing trident for 169 gold pieces
  5386 | D:4      | Found Luduikh's Magic Scroll Shoppe.
  5391 | D:4      | Found Gybbir's Magic Scroll Shoppe.
  5485 | D:5      | Entered Level 5 of the Dungeon
  5746 | D:5      | Reached skill level 1 in Bows
  5995 | D:5      | Noticed Menkaure
  6001 | D:5      | Killed Menkaure
  6713 | D:6      | Found Gitu's Armour Shop.
  6724 | D:6      | Reached skill level 1 in Staves
  6754 | D:6      | Found a radiant altar of Vehumet.
  6764 | D:6      | Became a worshipper of Vehumet
  6875 | D:6      | Reached XP level 9. HP: 45/52 MP: 1/12
  6894 | D:6      | Found a shimmering altar of Xom.
  6918 | D:6      | Found a glowing drain.
  6965 | Sewer    | Entered a sewer
  7764 | Sewer    | Reached * piety under Vehumet
  7764 | Sewer    | Offered knowledge of Freeze by Vehumet.
  9014 | D:6      | Identified the cursed +0 robe of the Ego {rCorr Stlth+}
  9271 | D:6      | Found a staircase to the Ecumenical Temple.
  9429 | D:6      | Found a runed translucent door.
  9430 | D:6      | Noticed Crazy Yiuf
  9566 | D:6      | Found a hazy altar of Hepliaklqana.
  9591 | D:6      | Found an ornate altar of the Wu Jian Council.
  9671 | D:6      | Found a runed translucent door.
  9672 | D:6      | Noticed GoodGuyCap's ghost (novice HOMo)
  9974 | D:6      | Learned a level 2 spell: Blink
 10147 | D:6      | Reached skill level 1 in Armour
 10528 | D:6      | Killed GoodGuyCap's ghost
 10956 | D:6      | Learned a level 4 spell: Sticky Flame
 10958 | D:6      | Killed Crazy Yiuf
 11350 | D:7      | Noticed Maggie
 11364 | D:7      | Found a snail-covered altar of Cheibriados.
 11413 | D:8      | Reached XP level 10. HP: 56/56 MP: 16/16
 11436 | D:7      | Reached skill level 5 in Spellcasting
 11582 | D:8      | Reached ** piety under Vehumet
 11592 | D:8      | Offered knowledge of Shock by Vehumet.
 11661 | D:8      | Learned a level 2 spell: Call Imp
 11993 | D:7      | Learned a level 3 spell: Spider Form
 12636 | D:8      | Reached skill level 5 in Armour
 12800 | D:8      | Noticed Harold
 12818 | D:8      | Killed Harold
 12989 | D:9      | Offered knowledge of Stone Arrow by Vehumet.
 13152 | D:9      | Found a shimmering altar of Xom.
 13260 | D:9      | Reached *** piety under Vehumet
 13823 | D:10     | Entered Level 10 of the Dungeon
 13877 | D:7      | Got a shadowed robe
 13888 | D:7      | Identified the cursed +1 robe of Jadyrgh {Str+6} (You found
                  | it on level 7 of the Dungeon)
 14091 | D:4      | Bought a glowing quarterstaff for 182 gold pieces
 14339 | D:10     | Reached XP level 11. HP: 61/61 MP: 23/23
 14842 | D:10     | Offered knowledge of Fulminant Prism by Vehumet.
 15208 | D:10     | Found a staircase to the Lair.
 15727 | D:11     | Reached **** piety under Vehumet
 15886 | D:11     | Noticed a cyan ugly thing
 15886 | D:11     | Noticed a cyclops
 15905 | D:11     | Killed a cyan ugly thing
 15923 | D:11     | Killed a cyclops
 16193 | D:11     | Offered knowledge of Hailstorm by Vehumet.
 16196 | D:11     | Learned a level 1 spell: Magic Dart
 16202 | D:11     | Learned a level 5 spell: Bolt of Magma
 16248 | D:11     | Identified the +3 morningstar "Fivoicw" {vorpal, rC+ Int+2}
 16482 | D:11     | Noticed a manticore
 16491 | D:11     | Killed a manticore
 16491 | D:11     | Reached skill level 5 in Conjurations
 16502 | D:11     | Noticed a boulder beetle
 16528 | D:11     | Killed a boulder beetle
 16992 | D:11     | Noticed a two-headed ogre
 17010 | D:11     | Killed a two-headed ogre
 17243 | D:12     | Noticed a deep elf mage
 17255 | D:12     | Killed a deep elf mage
 17255 | D:12     | Reached skill level 10 in Spellcasting
 17481 | D:12     | Reached skill level 5 in Fighting
 17481 | D:12     | Reached XP level 12. HP: 68/68 MP: 26/26
 17849 | D:12     | Found a roughly hewn altar of Beogh.
 17849 | D:12     | Found a staircase to the Orcish Mines.
 18292 | D:12     | Noticed a two-headed ogre
 18300 | D:12     | Killed a two-headed ogre
 18761 | D:12     | Found a shimmering altar of Xom.
 19072 | Lair:1   | Entered Level 1 of the Lair of Beasts
 19171 | Lair:1   | Noticed an eight-headed hydra
 19194 | Lair:1   | Killed an eight-headed hydra
 19194 | Lair:1   | Reached skill level 5 in Evocations
 20000 | Lair:1   | Noticed Erica
 20017 | Lair:1   | Killed Erica
 20656 | Lair:2   | Found a hole to the Spider Nest.
 20868 | D:4      | Bought 3 scrolls of identify for 84 gold pieces
 20874 | D:4      | Bought a scroll of identify for 28 gold pieces
 20874 | D:4      | Bought a scroll of identify for 28 gold pieces
 20874 | D:4      | Bought a scroll of identify for 28 gold pieces
 20874 | D:4      | Bought a scroll of identify for 28 gold pieces
 20886 | D:4      | Bought a scroll of identify for 24 gold pieces
 20886 | D:4      | Bought a scroll of identify for 24 gold pieces
 20886 | D:4      | Bought a scroll of identify for 24 gold pieces
 21693 | Lair:2   | Reached XP level 13. HP: 63/74 MP: 27/27
 22145 | Lair:1   | Learned a level 3 spell: Conjure Flame
 22149 | Lair:1   | Learned a level 3 spell: Mephitic Cloud
 22321 | Lair:2   | Reached ***** piety under Vehumet
 22333 | Lair:2   | Reached skill level 10 in Evocations
 22334 | Lair:2   | Offered knowledge of Yara's Violent Unravelling by Vehumet.
 22661 | Lair:2   | Reached skill level 1 in Summonings
 23285 | Lair:3   | Found a gate leading to a gauntlet.
 23294 | Gauntlet | Entered a Gauntlet
 23294 | Gauntlet | Found a transporter.
 23302 | Gauntlet | Found a transporter.
 23304 | Gauntlet | Found a transporter.
 23312 | Gauntlet | Found a transporter.
 23314 | Gauntlet | Found a transporter.
 23324 | Gauntlet | Found a transporter.
 23340 | Gauntlet | Found a transporter.
 23350 | Gauntlet | Found a transporter.
 23358 | Gauntlet | Noticed a dire elephant
 23360 | Gauntlet | Found a transporter.
 23374 | Gauntlet | Found a transporter.
 23388 | Gauntlet | Found a transporter.
 23388 | Gauntlet | Found a transporter.
 23452 | Gauntlet | Noticed a green death
 23454 | Gauntlet | Found a transporter.
 23455 | Gauntlet | Found a transporter.
 23609 | Gauntlet | Got a faintly glowing amethyst amulet
 23621 | Gauntlet | Identified the amulet "Idoaghih" {Faith rF+ rC- MP+9 Str+5}
                  | (You found it in a Gauntlet)
 23822 | Gauntlet | Got a fine cloak
 23833 | Gauntlet | Identified the +1 cloak of Darkness {rN++ Dex+4 Stlth+}
                  | (You found it in a Gauntlet)
 24251 | Gauntlet | Noticed a minotaur
 24261 | Gauntlet | Killed a minotaur
 24261 | Gauntlet | Reached skill level 5 in Summonings
 24523 | Gauntlet | Got a pitted copper ring
 24525 | Gauntlet | Identified the ring "Rahag" {Wiz *Corrode +Fly Dex+7} (You
                  | found it in a Gauntlet)
 25155 | Lair:3   | Found a staircase to the Swamp.
 27449 | Lair:4   | Gained mutation: Your large and strong wings let you fly
                  | indefinitely. [Gargoyle growth]
 27449 | Lair:4   | Reached XP level 14. HP: 87/87 MP: 28/28
 27460 | Lair:4   | Reached skill level 10 in Fighting
 27997 | Lair:4   | Reached skill level 5 in Stealth
 29765 | Lair:5   | Noticed Sonja
 29788 | Lair:5   | Killed Sonja
 30120 | Lair:5   | Offered knowledge of Irradiate by Vehumet.
 31152 | Lair:5   | Noticed Josephine
 31206 | Lair:5   | Killed Josephine
 31499 | Lair:6   | Entered Level 6 of the Lair of Beasts
 33003 | Lair:6   | Found a staircase to the Slime Pits.
 33755 | Lair:6   | Offered knowledge of Starburst by Vehumet.
 33766 | Lair:6   | Reached skill level 10 in Armour
 34373 | Lair:6   | Reached XP level 15. HP: 85/92 MP: 30/30
 34513 | Lair:6   | Reached skill level 10 in Fire Magic
 35922 | Lair:6   | Identified the cursed +1 ring mail "Oriej" {Harm} (You
                  | found it on level 6 of the Lair of Beasts)
 36341 | Swamp:1  | Entered Level 1 of the Swamp
 37189 | Spider:1 | Entered Level 1 of the Spider Nest
 37321 | Lair:2   | Learned a level 6 spell: Starburst
 37909 | Spider:1 | Noticed an emperor scorpion
 37930 | Spider:1 | Killed an emperor scorpion
 38419 | Spider:1 | Offered knowledge of Ozocubu's Refrigeration by Vehumet.
 39017 | Spider:1 | Reached skill level 5 in Staves
 39552 | Spider:1 | Noticed Frances
 39852 | Spider:1 | Killed Frances
 41128 | Spider:2 | Noticed an emperor scorpion
 41155 | Spider:1 | Killed an emperor scorpion
 42057 | Spider:1 | Reached XP level 16. HP: 88/97 MP: 32/32
 42455 | Spider:2 | Reached skill level 1 in Earth Magic
 44042 | Spider:2 | Offered knowledge of Lee's Rapid Deconstruction by Vehumet.
 44347 | Lair:6   | Learned a level 5 spell: Lee's Rapid Deconstruction
 44821 | Spider:2 | Upgraded the game from 0.26-a0-662-g8b9c6dab81 to
                  | 0.26-a0-663-g36e8fdb655
 45625 | Spider:4 | Entered Level 4 of the Spider Nest
 45625 | Spider:4 | Noticed Louise
 45626 | Spider:4 | Noticed Arachne
 48728 | Swamp:2  | Reached skill level 5 in Earth Magic
 48762 | Swamp:2  | Noticed Donald
 48782 | Swamp:2  | Killed Donald
 48898 | Swamp:2  | Noticed Jorgrun
 49157 | Swamp:2  | Killed Jorgrun
 50152 | Swamp:2  | Reached ****** piety under Vehumet
 50757 | Swamp:2  | Noticed Nikola
 51066 | Swamp:2  | Killed Nikola
 51066 | Swamp:2  | Reached XP level 17. HP: 93/102 MP: 24/33
 51560 | Swamp:3  | Offered knowledge of Conjure Ball Lightning by Vehumet.
 52783 | Swamp:3  | Found a hazy altar of Hepliaklqana.
 53288 | Swamp:4  | Entered Level 4 of the Swamp
 53657 | Swamp:3  | Found a hazy altar of Hepliaklqana.
 54818 | Swamp:4  | Noticed a tentacled monstrosity
 55296 | Swamp:4  | Killed a tentacled monstrosity
 55957 | Swamp:4  | Offered knowledge of Ignition by Vehumet.
 57238 | Swamp:4  | Noticed the 27-headed Lernaean hydra
 57807 | Swamp:4  | Killed the 27-headed Lernaean hydra
 57807 | Swamp:4  | Reached skill level 10 in Earth Magic
 58549 | Swamp:4  | Got a decaying rune of Zot
 58904 | Spider:3 | Reached XP level 18. HP: 107/107 MP: 4/34
 59299 | Spider:4 | Reached skill level 10 in Dodging
 59314 | Spider:3 | Killed Arachne
 59703 | Spider:4 | Offered knowledge of Fire Storm by Vehumet.
 59703 | Spider:4 | Offered knowledge of Tornado by Vehumet.
 59703 | Spider:4 | Offered knowledge of Absolute Zero by Vehumet.
 59717 | Spider:4 | Killed Louise
 61577 | Swamp:3  | Learned a level 9 spell: Fire Storm
 61907 | D:4      | Bought a scroll of amnesia for 42 gold pieces
 61916 | D:4      | Learned a level 6 spell: Starburst
 64967 | Spider:4 | Found a runed translucent gate.
 64967 | Spider:4 | Found a runed translucent gate.
 64967 | Spider:4 | Noticed Oxemneri's ghost (adept OgTm)
 64968 | Spider:4 | Found a runed translucent gate.
 64968 | Spider:4 | Noticed Oxemneri's ghost (adept OgTm)
 64968 | Spider:4 | Noticed Cumifues's ghost (journeyman MiMo)
 64968 | Spider:4 | Noticed wqewqe's ghost (journeyman DDFi)
 66069 | Spider:4 | Got a gossamer rune of Zot
 67017 | D:13     | Found a gate to the Vaults.
 68236 | D:14     | Found a blossoming altar of Fedhas.
 68458 | D:14     | Noticed Kirke
 68488 | D:14     | Killed Kirke
 68952 | D:14     | Reached XP level 19. HP: 108/112 MP: 19/36
 69045 | D:14     | Found a transporter.
 69051 | D:14     | Found a transporter.
 69059 | D:14     | Noticed a tentacled monstrosity
 69626 | D:14     | Found a one-way gate to the infinite horrors of the Abyss.
 69633 | D:14     | Identified the cursed +0 great mace of Experimentation
                  | {distort, *Noise rPois rF+++ SInv}
 69637 | D:14     | Noticed YayAnonymity's ghost (journeyman GrFi)
 69956 | D:15     | Entered Level 15 of the Dungeon
 70625 | D:15     | Found a staircase to the Depths.
 70716 | D:15     | Found a broken altar of Ashenzari.
 70717 | D:15     | Found a broken altar of Ashenzari.
 70717 | D:15     | Found a shimmering blue altar of Sif Muna.
 72234 | D:15     | Killed from afar by an ice dragon

Illustrated notes

Levels and vault maps discovered:
D:1:      lightli_arrival_chessboard, layout_loops_ring
D:2:      layout_basic, overflow_temple_1_default, uniq_jessica
D:3:      layout_basic, grunt_temple_overflow_open, grunt_qazlal_clouds,
          uniq_grinder, uniq_terence, uniq_sigmund
D:4:      layout_basic, serial_shops, shop, kennysheep_little_box,
          nicolae_shop_temple_entry_statues_fountains, nicolae_shop_crystal,
          kennysheep_generic_room_12, uniq_edmund
D:5:      layout_loops_ring, moated_statue, uniq_menkaure
D:6:      minmay_angry_zag, layout_basic, kennysheep_mini_moat, kennysheep_mini,
          vehumet_crystals, minmay_temple_entry_wispy, portal_sewer_entry_b,
          serial_shops, shop, gammafunk_ghost_grave, brannock_xom_greatest_gift,
          uniq_crazy_yiuf_cottage
D:7:      layout_loops_cross, nicolae_overflow_hidden_temple,
          minmay_misc_feat_x, serial_bayou_pond_a, uniq_maggie
D:8:      layout_cave_pools, uniq_harold
D:9:      layout_irregular_city, lemuel_crystal_altar, serial_bayou_pond_e
D:10:     layout_rooms, david_lair_generic, minmay_statues_item
D:11:     layout_loops_ring, corexii_leaking_fountain
D:12:     layout_gridville, david_orc_5, basic_altar
D:13:     layout_basic, hangedman_vaults_entry_quadrant_bands
D:14:     layout_gridville, gammafunk_ghost_abyssal_escape, fedhas_altar_1,
          special_room [special_room_orc], uniq_kirke
D:15:     hangedman_slaughterboxes
Lair:1:   layout_regular_city, uniq_erica
Lair:2:   layout_concentric_octagons, dummy_spider_entry, beast_lair_carwin_10,
          grunt_megastairs_4
Lair:3:   layout_cellular_growth, nicolae_swamp_entry_splash_gauntlet,
          gauntlet_entry_generic, infiniplex_staircase_pool
Lair:4:   layout_loops_ring
Lair:5:   layout_gridlike, grunt_megastairs_5, uniq_sonja, uniq_josephine
Lair:6:   grunt_lair_end_beastmaster, layout_loops_ring,
          minmay_slime_entry_jelly_boxes, wad_woods_road_04,
          lemuel_fruit_fields, grunt_megastairs_1, minmay_lair_oklob_chamber,
          infiniplex_staircase_pool_2
Swamp:1:  layout_basic_swamp, evilmike_swamp_ruin_wall
Swamp:2:  layout_falls_marsh, evilmike_swamp_ruin_house_4, uniq_donald,
          uniq_jorgrun, uniq_nikola
Swamp:3:  layout_basic_swamp, lemuel_altar_in_water
Swamp:4:  swamp_vile, layout_basic_swamp
Spider:1: layout_spider_delve, einodemon_crawler_minivault, uniq_frances
Spider:2: layout_spider_delve
Spider:3: layout_spider_delve, hangedman_spider_mandibles
Spider:4: guppyfry_spider_rune, gammafunk_ghost_cemetery, uniq_arachne,
          uniq_louise

Skill      XL: |  1  2  3  4  5  6  7  8  9 10 11 12 13 14 15 16 17 18 19 |
---------------+----------------------------------------------------------+-----
Conjurations   | 2 6 8 9 |  9.0
Fire Magic     | 4 5 6 7 9 10 | 10.0
Dodging        | 3 4 5 6 8 9 11 12 | 12.1
Fighting       | 2 4 5 6 9 10 | 10.0
Polearms       | 2 3 |  3.3
Bows           | 1 |  1.9
Staves         | 1 4 7 8 9 |  9.6
Armour         | 3 7 8 10 12 13 14 | 14.0
Spellcasting   | 4 8 10 11 12 13 14 | 14.7
Evocations     | 9 10 | 10.0
Summonings     | 6 |  6.0
Stealth        | 6 |  6.0
Earth Magic    | 7 10 12 | 12.0
Translocations | |  0.4

Action                   |  1- 3 |  4- 6 |  7- 9 | 10-12 | 13-15 | 16-18 | 19-21 || total
-------------------------+-------+-------+-------+-------+-------+-------+-------++-------
Melee: Unarmed           |    12 |       |       |     2 |     6 |       |       ||    20
       Club              |     9 |    14 |       |       |       |       |       ||    23
       Scythe            |       |    25 |    27 |       |       |       |       ||    52
       Trident           |       |       |    39 |       |       |       |       ||    39
       Staff             |       |       |   103 |   152 |   534 |   901 |   206 ||  1896
       Quarterstaff      |       |       |       |    25 |     7 |       |       ||    32
 Cast: Foxfire           |    53 |    92 |   353 |   610 |   618 |   274 |    59 ||  2059
       Inner Flame       |       |       |     1 |       |     6 |       |       ||     7
       Sticky Flame      |       |       |     1 |   100 |   304 |   235 |    22 ||   662
       Call Imp          |       |       |       |    10 |    28 |     6 |       ||    44
       Blink             |       |       |       |     8 |    21 |     6 |     4 ||    39
       Fireball          |       |       |       |     5 |    27 |     6 |       ||    38
       Spider Form       |       |       |       |     1 |     1 |       |       ||     2
       Magic Dart        |       |       |       |     1 |       |       |       ||     1
       Bolt of Magma     |       |       |       |    10 |    72 |   341 |    54 ||   477
       Mephitic Cloud    |       |       |       |       |    10 |     2 |       ||    12
       Conjure Flame     |       |       |       |       |    19 |       |       ||    19
       Starburst         |       |       |       |       |    15 |    22 |    24 ||    61
       Lee's Rapid Decon |       |       |       |       |       |    10 |     6 ||    16
 Abil: Evoke Flight      |       |       |     1 |       |       |       |       ||     1
       Fly               |       |       |       |       |     1 |       |       ||     1
Evoke: Wand              |       |       |       |       |     4 |     6 |       ||    10
  Use: Scroll            |       |       |    14 |    15 |    16 |    16 |       ||    61
       Potion            |       |       |     2 |     4 |    11 |     9 |     1 ||    27
 Stab: Sleeping          |     1 |       |     1 |       |     2 |       |       ||     4
       Distracted        |       |       |       |     1 |     3 |       |       ||     4
       Petrified         |       |       |       |       |     8 |       |       ||     8
       Confused          |       |       |       |       |     4 |       |       ||     4
Armor: Robe              |    17 |    17 |   210 |   232 |   151 |       |       ||   627
       Leather armour    |       |     6 |       |       |       |       |       ||     6
       Scale mail        |       |       |       |       |   740 |    65 |       ||   805
       Chain mail        |       |       |       |       |       |  1460 |   195 ||  1655
       Skin              |       |       |       |       |       |    12 |       ||    12
Dodge: Dodged            |    24 |    58 |   368 |   302 |  1105 |  1184 |   183 ||  3224

Table legend: (Time is in decaauts)
 A = Elapsed time spent in this place.
 B = Non-inter-level travel time spent in this place.
 C = Inter-level travel time spent in this place.
 D = Time resting spent in this place.
 E = Time spent auto-exploring this place.
 F = Levels seen in this place.
 G = Mean time per level.
                   A        B        C        D        E       F      G
               +--------+--------+--------+--------+--------+-----+--------+
         Total |  72213 |  67567 |   4646 |  33382 |  22032 |  31 | 2329.5 |
       Dungeon |  23991 |  22005 |   1986 |   6976 |  10572 |  15 | 1599.4 |
          Lair |  17497 |  16063 |   1434 |   7262 |   5781 |   6 | 2916.2 |
         Swamp |  12885 |  12450 |    435 |   8071 |   2402 |   4 | 3221.2 |
   Spider Nest |  14542 |  13751 |    791 |   9138 |   2615 |   4 | 3635.5 |
         Sewer |   1968 |   1968 |      0 |   1263 |    326 |   1 | 1968.0 |
      Gauntlet |   1328 |   1328 |      0 |    671 |    336 |   1 | 1328.0 |
               +--------+--------+--------+--------+--------+-----+--------+

Top non-repeatable levels by time:
Spider:3: 5802 daAuts
Spider:1: 4929 daAuts
 Swamp:3: 3948 daAuts
  Lair:5: 3442 daAuts
  Lair:6: 3432 daAuts
  Lair:4: 3202 daAuts
 Swamp:4: 3115 daAuts
 Swamp:1: 3023 daAuts
  Lair:2: 2810 daAuts
 Swamp:2: 2797 daAuts
  Lair:3: 2699 daAuts
     D:6: 2677 daAuts
    D:15: 2227 daAuts
    D:13: 2173 daAuts
     D:1: 2077 daAuts
